 Dungeon Crawl Stone Soup version 0.27-a0-65-gfb268537a3 (webtiles) character file.

Game seed: 11323433637101314413

5000 hehateme the Quickloader (level 10, -3/66 HPs)
             Began as a Kobold Hunter on Jan 8, 2021.
             Was a Priest of Okawaru.
             Slain by a yak (4 damage)
             ... on level 9 of the Dungeon.
             The game lasted 00:22:42 (12151 turns).

hehateme the Quickloader (Kobold Hunter)           Turns: 12151, Time: 00:22:42

Health: -3/66      AC: 11    Str: 13    XL:     10   Next: 84%
Magic:  10/10      EV:  9    Int: 13    God:    Okawaru [***...]
Gold:   381        SH:  4    Dex: 15    Spells: 9/9 levels left

rFire    . . .     SeeInvis .   a - +1 hand crossbow
rCold    . . .     Faith    .   w - +0 buckler
rNeg     . . .     Spirit   .   o - +0 chain mail
rPois    .         Reflect  .   x - +2 hat
rElec    .         Harm     .   (no cloak)
rCorr    .         Rampage  .   m - +0 pair of gloves
Will     .....                  (no boots)
Stlth    ..........             (no amulet)
HPRegen  0.21/turn              (no ring)
MPRegen  0.12/turn              (no ring)

@: no status effects
A: small, nightstalker 3
a: Renounce Religion, Heroism


You were on level 9 of the Dungeon.
You worshipped Okawaru.
Okawaru was most pleased with you.
You visited 2 branches of the dungeon, and saw 10 of its levels.

You collected 381 gold pieces.

Inventory:

Hand Weapons
 a - a +1 hand crossbow (weapon)
 b - a +0 short sword
 C - the +7 Singing Sword {vorpal, sonic wave}
   (You found it on level 4 of the Dungeon)

   It inflicts extra damage upon your enemies.
 E - the +8 lajatang of Ybbaiwon {pain, Str+5, unknown}
   (You found it on level 5 of the Dungeon)

   In the hands of one skilled in necromantic magic, it inflicts extra damage on
   living creatures.
   It affects your strength (+5).
Missiles
 e - 241 stones
 i - 171 arrows
 k - 53 sling bullets
 n - 12 poisoned darts
 B - 2 curare-tipped darts
 L - 2 boomerangs
Armour
 c - a +0 leather armour
 m - a +0 pair of gloves (worn)
 o - a +0 chain mail (worn)
 u - a +0 leather armour
 w - a +0 buckler (worn)
 x - a +2 hat (worn)
Jewellery
 d - a cursed amulet of inaccuracy {unknown}
 h - a cursed -4 ring of dexterity {unknown}
 q - an uncursed ring of magical power {unknown}
 s - a cursed ring of teleportation {unknown}
 z - an uncursed ring of ice {unknown}
 G - the ring "Jyaqoesuwn" {rElec rN+ Will+++ Str-4 Stlth+}
   (You took it off an orc on level 6 of the Dungeon)

   [ring of positive energy]

   It affects your strength (-4).
   It insulates you from electricity.
   It protects you from negative energy.
   It affects your willpower, your defense against some magical effects.
   It makes you more stealthy.
Wands
 J - a wand of paralysis (1)
Scrolls
 f - 5 scrolls of remove curse
 g - a scroll of fear {unknown}
 j - 2 scrolls of random uselessness {unknown}
 p - 5 scrolls of identify {unknown}
 r - 2 scrolls of magic mapping {unknown}
 y - 3 scrolls of immolation {unknown}
 H - a scroll of amnesia {unknown}
Potions
 l - 3 potions of curing {unknown}
 v - a potion of magic {unknown}
 A - a potion of berserk rage {unknown}
 D - 2 potions of degeneration {unknown}
 F - a potion of heal wounds
 I - a potion of mutation {unknown}
 K - a potion of might {unknown}


   Skills:
 + Level 9.3 Fighting
 * Level 14.1 Crossbows
 + Level 6.7 Dodging
 - Level 1.3 Stealth


You had 9 spell levels left.
You didn't know any spells.
Your spell library was empty.

Dungeon Overview and Level Annotations

Branches:
Dungeon (9/15)             Temple (1/1) D:6
   Lair: D:8-11         Orc: D:9-12

Altars:
Ashenzari
Cheibriados
Dithmenos
Elyvilon
Fedhas
Gozag
Hepliaklqana
Kikubaaqudgha
Makhleb
Nemelex Xobeh
Okawaru
Qazlal
Ru
Uskayaw
Vehumet
Wu Jian
Xom
Yredelemnul
Zin
The Shining One

Annotations:
D:4 Eustachio
D:6 3 runed translucent doors, exclusions: lemure and 3 more exclusions, OhItsWolfy's ghost, novice MiFi; Pikel
D:9 Grum


Innate Abilities, Weirdness & Mutations

You are small and have problems with some larger weapons.
You are completely attuned to the shadows.


Message History

A yak comes into view.
The yak gores you!
* * * LOW HITPOINT WARNING * * *
You take 12 damage, and have 14/66 hp.
The yak gores you but does no damage. The yak gores you.
* * * LOW HITPOINT WARNING * * *
The yak gores you but does no damage.
You take 4 damage, and have 10/66 hp.
The yak gores you but does no damage. x2; The yak barely misses you.
The yak closely misses you. You block the yak's attack.
The yak barely misses you. The yak gores you.
* * * LOW HITPOINT WARNING * * *
The yak gores you.
* * * LOW HITPOINT WARNING * * *
The yak gores you.
* * * LOW HITPOINT WARNING * * *
You take 10 damage, and have 1/66 hp.
The yak gores you but does no damage. The yak gores you.
You die...

#....#
.....#
#..(Y#
#..YY#
#.YY@#
######

Skill      XL: |  1  2  3  4  5  6  7  8  9 10 |
---------------+-------------------------------+-----
Crossbows      | 5 6 7 8 9 11 12 14 | 14.1
Fighting       | 3 4 5 6 8 9 |  9.3
Dodging        | 4 6 |  6.7
Stealth        | |  1.3

Notes
Turn   | Place    | Note
-------+----------+-------------------------------------------
     0 | D:1      | hehateme the Kobold Hunter began the quest for the Orb.
     0 | D:1      | Reached XP level 1. HP: 12/12 MP: 1/1
    96 | D:1      | Reached skill level 5 in Crossbows
   189 | D:1      | Reached XP level 2. HP: 18/18 MP: 2/2
   572 | D:1      | Reached XP level 3. HP: 22/22 MP: 3/3
  1162 | D:2      | Reached skill level 3 in Fighting
  1405 | D:2      | Found a basalt altar of Yredelemnul.
  1414 | D:2      | Reached skill level 6 in Crossbows
  1414 | D:2      | Reached XP level 4. HP: 28/28 MP: 4/4
  1418 | D:2      | Found a hazy altar of Hepliaklqana.
  1428 | D:2      | Found a blossoming altar of Fedhas.
  1763 | D:2      | Reached XP level 5. HP: 32/32 MP: 5/5
  2388 | D:3      | Reached skill level 7 in Crossbows
  2445 | D:3      | Reached XP level 6. HP: 38/38 MP: 6/6
  2595 | D:3      | Reached skill level 4 in Fighting
  3456 | D:4      | Noticed Eustachio
  3579 | D:4      | Reached skill level 8 in Crossbows
  3909 | D:4      | Reached XP level 7. HP: 43/44 MP: 7/7
  3943 | D:4      | Reached skill level 5 in Fighting
  4200 | D:4      | Found the +7 Singing Sword {vorpal, sonic wave}
  4242 | D:4      | Reached skill level 9 in Crossbows
  4370 | D:5      | Entered Level 5 of the Dungeon
  4536 | D:5      | Reached XP level 8. HP: 37/51 MP: 8/8
  4633 | D:5      | Got a twisted lajatang
  4741 | D:5      | Reached skill level 10 in Crossbows
  4749 | D:5      | Reached skill level 6 in Fighting
  4810 | D:5      | Found a burning altar of Makhleb.
  5365 | D:6      | Identified the ring "Jyaqoesuwn" {rElec rN+ Will+++ Str-4
                  | Stlth+}
  5374 | D:6      | Reached skill level 11 in Crossbows
  5497 | D:6      | Reached XP level 9. HP: 46/56 MP: 9/9
  5757 | D:6      | Noticed Pikel
  5927 | D:6      | Reached skill level 7 in Fighting
  6041 | D:6      | Found a staircase to the Ecumenical Temple.
  6047 | Temple   | Entered the Ecumenical Temple
  6097 | Temple   | Became a worshipper of Warmaster Okawaru
  6187 | D:6      | Found a snail-covered altar of Cheibriados.
  6827 | D:6      | Found a runed translucent gate.
  6828 | D:6      | Found a runed translucent gate.
  6828 | D:6      | Found an opulent altar of Gozag.
  6829 | D:6      | Found a runed translucent gate.
  6874 | D:6      | Noticed OhItsWolfy's ghost (novice MiFi)
  7632 | D:7      | Noticed Maggie
  7700 | D:7      | Reached skill level 12 in Crossbows
  7700 | D:7      | Reached skill level 3 in Dodging
  8103 | D:7      | Killed Maggie
  8103 | D:7      | Reached * piety under Okawaru
  8192 | D:7      | Noticed Dowan
  8194 | D:7      | Killed Dowan
  8221 | D:7      | Noticed Duvessa
  8232 | D:7      | HP: 12/59 [Duvessa/+0 short sword (4)]
  8237 | D:7      | Killed Duvessa
  8238 | D:7      | Reached skill level 4 in Dodging
  8944 | D:7      | Reached skill level 8 in Fighting
  9112 | D:7      | Noticed a gargoyle
  9176 | D:6      | HP: 13/59 [lemure[Pikel] (5)]
  9831 | D:8      | Found an opulent altar of Gozag.
  9831 | D:8      | Found a broken altar of Ashenzari.
  9838 | D:8      | Found a white marble altar of Elyvilon.
  9839 | D:8      | Found a sparkling altar of Nemelex Xobeh.
  9841 | D:8      | Found a shimmering altar of Xom.
  9923 | D:8      | Reached XP level 10. HP: 64/64 MP: 10/10
 10561 | D:8      | Reached skill level 13 in Crossbows
 10561 | D:8      | Reached skill level 5 in Dodging
 10858 | D:9      | Noticed a two-headed ogre
 10861 | D:9      | Reached ** piety under Okawaru
 11456 | D:8      | HP: 11/65 [basilisk (7)]
 11459 | D:8      | HP: 5/65 [basilisk (7)]
 11694 | D:8      | Reached skill level 9 in Fighting
 11694 | D:8      | Reached skill level 6 in Dodging
 12104 | D:9      | Killed a two-headed ogre
 12104 | D:9      | Reached *** piety under Okawaru
 12105 | D:9      | Reached skill level 14 in Crossbows
 12123 | D:9      | Noticed Grum
 12128 | D:9      | HP: 13/66 [Grum/+0 glaive (4)]
 12130 | D:9      | Noticed a two-headed ogre
 12146 | D:9      | HP: 14/66 [yak (12)]
 12150 | D:9      | HP: 3/66 [yak (4)]
 12150 | D:9      | HP: 1/66 [yak (2)]
 12151 | D:9      | Slain by a yak

Table legend: (Time is in decaauts)
 A = Elapsed time spent in this place.
 B = Non-inter-level travel time spent in this place.
 C = Inter-level travel time spent in this place.
 D = Time resting spent in this place.
 E = Time spent auto-exploring this place.
 F = Levels seen in this place.
 G = Mean time per level.
                   A        B        C        D        E       F      G
               +--------+--------+--------+--------+--------+-----+--------+
         Total |  12279 |  11719 |    560 |   4664 |   5522 |  10 | 1227.9 |
       Dungeon |  12190 |  11668 |    522 |   4664 |   5475 |   9 | 1354.4 |
        Temple |     89 |     51 |     38 |      0 |     47 |   1 |   89.0 |
               +--------+--------+--------+--------+--------+-----+--------+

Top non-repeatable levels by time:
     D:8: 2236 daAuts
     D:6: 1997 daAuts
     D:7: 1792 daAuts
     D:5: 1559 daAuts
     D:3: 1320 daAuts
     D:1: 1057 daAuts
     D:2: 1044 daAuts
     D:4: 1013 daAuts
     D:9: 167 daAuts
  Temple: 89 daAuts

Table legend:
 A = Kills in this place as a percentage of kills in entire the game.
 B = Kills by you in this place as a percentage of kills by you in the entire game.
 C = Kills by friends in this place as a percentage of kills by friends in the entire game.
 D = Other kills in this place as a percentage of other kills in the entire game.
 E = Experience gained in this place as a percentage of experience gained in the entire game.
 F = Experience gained in this place divided by the number of levels of this place that you have seen.
                   A       B       C       D       E      F
               +-------+-------+-------+-------+-------+----------------------
         Total | 100.0 | 100.0 |   N/A |   N/A | 100.0 | 714.3
       Dungeon | 100.0 | 100.0 |   N/A |   N/A | 100.0 | 793.7
               +-------+-------+-------+-------+-------+----------------------

Action                   |  1- 3 |  4- 6 |  7- 9 | 10-12 || total
-------------------------+-------+-------+-------+-------++-------
Melee: Short sword       |    16 |       |       |       ||    16
 Fire: Hand crossbow     |    59 |   153 |   317 |   134 ||   663
Invok: Heroism           |       |       |     1 |       ||     1
Evoke: Wand              |       |       |     2 |     4 ||     6
  Use: Scroll            |       |       |     3 |     3 ||     6
       Potion            |       |       |     1 |     3 ||     4
Armor: Leather armour    |    10 |    16 |    20 |     7 ||    53
       Skin              |       |       |     3 |       ||     3
       Chain mail        |       |       |       |    27 ||    27
Dodge: Dodged            |    31 |    47 |    85 |    56 ||   219
Block: Buckler           |       |    14 |    25 |    18 ||    57

Vanquished Creatures
  A two-headed ogre (D:9)
  Maggie (D:7)
  A troll (D:9)
  A shadow (D:8)
  A wyvern (D:9)
  A yak (D:8)
  A basilisk (D:8)
  Duvessa (D:7)
  2 black bears (D:7)
  An orc warrior (D:9)
  2 ice beasts
  A sky beast (D:5)
  5 ogres
  A phantom (D:6)
  3 wolves
  6 centaurs
  2 lemures
  A bullfrog (D:6)
  Dowan (D:7)
  4 scorpions (D:4)
  A howler monkey (D:6)
  4 hounds
  2 bullfrog zombies
  A bullfrog skeleton (D:5)
  3 orc priests
  3 jellies
  4 orc wizards
  2 iguanas
  2 worker ants
  A hound skeleton (D:6)
  2 worker ant zombies (D:5)
  A gnoll (D:2)
  A howler monkey skeleton (D:5)
  A river rat (D:5)
  21 adders
  A white imp (D:5)
  3 ufetubi
  2 oozes
  3 adder skeletons
  7 worms
  5 dart slugs
  3 leopard geckos
  27 orcs
  7 giant cockroaches
  8 goblins
  5 hobgoblins
  3 jackals (D:6)
  6 kobolds
  2 quokkas
  A ball python (D:2)
  19 bats
  5 frilled lizards
  2 quokka skeletons (D:5)
  14 rats
209 creatures vanquished.

Vanquished Creatures (others)
  A fungus (D:4)
  2 plants (D:7)
3 creatures vanquished.

Grand Total: 212 creatures vanquished You could see 5 yaks.

Levels and vault maps discovered:
D:1:      dpeg_arrival_stonehenge_8_columns, layout_basic,
          minmay_misc_feat_pillars, minmay_misc_feat_alley, minmay_hexomino_u4
D:2:      layout_loops_ring, grunt_temple_overflow_open, minivault_14
D:3:      layout_basic, serial_rivers, chequers_serial_rivers_room_b,
          chequers_serial_rivers_small_b, chequers_serial_rivers_large_a,
          chequers_serial_rivers_micro_d, chequers_serial_rivers_marsh
D:4:      old_forge, layout_basic, uniq_eustachio
D:5:      layout_cave_pools, lemuel_doored_altar, lightli_sewer_entry_pipes
D:6:      layout_rooms, slow_altar_1, minmay_temple_entry_sparse_star,
          ebering_ghost_gozag, uniq_pikel
D:7:      nzn_winding_woodlands_medium [nzn_winding_woodlands_5x5_default,
          nzn_winding_woodlands_5x15_garden, nzn_winding_woodlands_hourglass,
          nzn_winding_woodlands_5x5_default,
          nzn_winding_woodlands_center_triple_pond,
          nzn_winding_woodlands_5x5_cross,
          nzn_winding_woodlands_5x5_checkerboard,
          nzn_winding_woodlands_5x15_jagged, nzn_winding_woodlands_5x5_default],
          layout_cave_pools, uniq_duvessa, uniq_maggie
D:8:      layout_loops_cross, minitemple, grunt_ministairs_7
D:9:      layout_rooms, david_lair_generic, elyvilon_altar_5, uniq_grum
Temple:   nicolae_temple_hex_pool
